 Dungeon Crawl Stone Soup version 0.22.1-2-g9c5b331 (webtiles) character file.

1731 Matador8 the Spear-Bearer (level 9, -1/65 HPs)
             Began as a Merfolk Skald on Dec 18, 2018.
             Was a Believer of Dithmenos.
             Slain by a wyvern (17 damage)
             ... on level 7 of the Dungeon.
             The game lasted 00:47:44 (6932 turns).

Matador8 the Spear-Bearer (Merfolk Skald)           Turns: 6932, Time: 00:47:44

Health: -1/65      AC:  6    Str: 15    XL:     9   Next: 5%
Magic:  1/4        EV: 12    Int: 12    God:    Dithmenos [**....]
Gold:   580        SH:  0    Dex: 13    Spells: 8/14 levels left

rFire    . . .     SeeInvis .   q - +1 spear (antimagic)
rCold    . . .     Gourm    .   (no shield)
rNeg     + . .     Faith    .   y - +0 troll leather armour {Purgy}
rPois    +         Spirit   .   (no helmet)
rElec    .         Reflect  .   F - +0 cloak
rCorr    .         Harm     .   (no gloves)
MR       .....                  D - +0 pair of boots
Stlth    +++.......             (no amulet)
HPRegen  0.60/turn              v - ring of positive energy
MPRegen  0.09/turn              H - ring of poison resistance

@: about to teleport, wreathed by umbra
A: change form in water, swift swim, stealthy swim
a: Shadow Step, Renounce Religion


You were on level 7 of the Dungeon.
You worshipped Dithmenos.
Dithmenos was pleased with you.
You were not hungry.

You visited 1 branch of the dungeon, and saw 7 of its levels.
You also visited: Sewer.

You collected 580 gold pieces.

Inventory:

Hand Weapons
 b - a +0 blowgun
 q - a +1 antimagic spear (weapon)
 t - a +0 shortbow
 E - a +4 quarterstaff of chaos
 J - a +0 scythe of holy wrath
Missiles
 j - 52 poisoned needles (quivered)
 n - 122 arrows
 x - 7 javelins
Armour
 h - a +0 leather armour
 k - a +0 scale mail
 y - a +0 troll leather armour (worn) {Purgy}
 B - a +2 robe of magic resistance
 D - a +0 pair of boots (worn)
 F - a +0 cloak (worn)
 L - a scarf of resistance
Jewellery
 v - a ring of positive energy (left hand)
 H - a ring of poison resistance (right hand)
 K - an uncursed ring of ice
 N - an uncursed amulet of the gourmand
Wands
 m - a wand of acid (6)
 s - a wand of paralysis (5)
 u - a wand of flame (20)
 G - a wand of polymorph (23)
Scrolls
 c - a scroll of enchant armour {unknown}
 e - a scroll of enchant weapon
 f - a scroll of magic mapping {unknown}
 g - 2 scrolls of immolation {unknown}
 i - a scroll of random uselessness {unknown}
 o - 4 scrolls of identify {unknown}
 w - a scroll of amnesia {unknown}
 I - 3 scrolls of remove curse
Potions
 a - a potion of invisibility
 p - 3 potions of agility {unknown}
 r - a potion of resistance
 z - 2 potions of haste
 A - a potion of ambrosia {unknown}
 C - 2 potions of berserk rage {unknown}
 O - a potion of curing
Comestibles
 d - 5 rations
 M - 8 chunks of flesh


   Skills:
 + Level 3.8 Fighting
 - Level 12.0 Polearms
 - Level 2.6 Throwing
 - Level 0.6 Armour
 - Level 2.6 Dodging
 + Level 4.7 Stealth
 - Level 3.2 Spellcasting
 - Level 5.1 Charms


You had 8 spell levels left.
You knew the following spells:

 Your Spells              Type           Power        Failure   Level  Hunger
a - Infusion              Chrm           ##..         3%          1    #......
b - Shroud of Golubria    Chrm/Tloc      #.........   16%         2    ###....
c - Spectral Weapon       Hex/Chrm       #.......     30%         3    ###....

Your spell library contained the following spells:

 Spells                   Type           Power        Failure   Level  Hunger
 Song of Slaying          Chrm           ##......     5%          2    ###....
 Beastly Appendage        Tmut           #.....       30%         1    #......
 Summon Small Mammal      Summ           #...         30%         1    #......
 Regeneration             Chrm/Necr      #.........   30%         3    ###....
 Call Imp                 Summ           #.......     41%         2    ###....
 Sticks to Snakes         Tmut           #.......     41%         2    ###....
 Call Canine Familiar     Summ           #.......     65%         3    ###....
 Spider Form              Tmut/Pois      #.........   65%         3    ###....
 Summon Guardian Golem    Hex/Summ       #.......     65%         3    ###....
 Ice Form                 Ice/Tmut       #.......     96%         4    #####..
 Summon Ice Beast         Ice/Summ       #.......     96%         4    #####..
 Summon Lightning Spire   Summ/Air       #.......     96%         4    #####..
 Blade Hands              Tmut           #.........   100%        5    ######.


Dungeon Overview and Level Annotations

Branches:
Dungeon (7/15)             Temple (0/1) D:7

Altars:
Dithmenos
Gozag
Hepliaklqana
Sif Muna
Trog
Zin

Shops:
D:6 [


Message History

You don't know that spell.
Casting: Shroud of Golubria (safe; 16% risk of failure)
Confirm with . or Enter, or press ? or * to list all spells.
Okay, then.
Casting: Shroud of Golubria (safe; 16% risk of failure)
Confirm with . or Enter, or press ? or * to list all spells.
You draw out your weapon's spirit!
The wyvern bites you.
* * * LOW HITPOINT WARNING * * *
The wyvern closely misses you.
You swap places.
The wyvern bites your spectral weapon!
Your spectral weapon shares its damage with you!
* * * LOW HITPOINT WARNING * * *
The wyvern bites your spectral weapon!
Your spectral weapon shares its damage with you!
Your spectral weapon fades away.
* * * LOW HITPOINT WARNING * * *
As you read the scroll of teleportation, it crumbles to dust.
You feel strangely unstable. The wyvern closely misses you.
The wyvern bites you!
You die...

.# #.#####.#.### ##
#.#.###......
#.###.##..#.## #.#
##.#.....# #.#
##.....<# ..
#.#.....# #
#.##..##########
#.###...........####
#.#
#.......@l......# #.
##.###>.####.##.# #
### #..## #.# ###
#...###.#
..?..#......#
#####...#####
h..........#
#.###.###..# #. ..#


You could see a wyvern.

Vanquished Creatures
  Sigmund (D:5)
  Duvessa (D:4)
  Purgy (Sewer)
  A black bear (D:7)
  2 centaurs
  3 ogres
  3 scorpions
  Dowan (D:4)
  A crimson imp (D:5)
  4 orc wizards
  2 hounds
  A quasit (D:6)
  Crazy Yiuf (D:4)
  Ijyb (D:4)
  An iguana (D:4)
  4 worker ants
  12 adders
  A river rat (D:4)
  2 oozes
  2 worms
  2 dart slugs
  2 leopard geckos
  12 orcs
  6 giant cockroaches
  19 goblins
  12 hobgoblins
  3 jackals
  4 quokkas
  3 ball pythons
  12 bats
  6 frilled lizards
  A giant cockroach zombie (D:5)
  9 kobolds
  2 quokka skeletons (D:4)
  13 rats
151 creatures vanquished.

Vanquished Creatures (others)
  A spectral weapon (D:7)
1 creature vanquished.

Grand Total: 152 creatures vanquished

Notes
Turn   | Place    | Note
-------+----------+-------------------------------------------
     0 | D:1      | Matador8 the Merfolk Skald began the quest for the Orb.
     0 | D:1      | Reached XP level 1. HP: 16/16 MP: 3/3
   303 | D:1      | Reached XP level 2. HP: 12/22 MP: 5/5
   315 | D:1      | Learned a level 2 spell: Shroud of Golubria
   464 | D:1      | Reached skill level 4 in Polearms
   744 | D:1      | Reached XP level 3. HP: 27/27 MP: 6/6
  1541 | D:2      | Reached XP level 4. HP: 31/33 MP: 7/7
  1771 | D:2      | Reached skill level 5 in Polearms
  1952 | D:2      | Found a bloodstained altar of Trog.
  1957 | D:2      | Found a shadowy altar of Dithmenos.
  1969 | D:2      | Found a glowing silver altar of Zin.
  1989 | D:2      | Became a worshipper of Dithmenos the Shadowed
  2502 | D:3      | HP: 1/33 [poisoned by a kobold]
  2508 | D:3      | HP: 1/33 [poisoned by a kobold]
  2791 | D:3      | Found a hazy altar of Hepliaklqana.
  2805 | D:3      | Reached XP level 5. HP: 37/38 MP: 8/8
  2921 | D:3      | Reached skill level 5 in Charms
  3090 | D:3      | Reached skill level 6 in Polearms
  3279 | D:3      | Reached * piety under Dithmenos
  3480 | D:4      | Noticed a centaur
  3583 | D:4      | Reached skill level 1 in Throwing
  3583 | D:4      | Reached XP level 6. HP: 34/44 MP: 3/9
  3605 | D:4      | Reached skill level 7 in Polearms
  3739 | D:4      | Found a runed door.
  3743 | D:4      | Noticed Crazy Yiuf
  3743 | D:4      | Noticed Duvessa
  3743 | D:4      | Noticed Dowan
  4218 | D:4      | Found a glowing drain.
  4225 | Sewer    | Entered a sewer
  4332 | Sewer    | Noticed Purgy
  4347 | Sewer    | Killed Purgy
  4347 | Sewer    | Reached skill level 8 in Polearms
  4347 | Sewer    | Reached XP level 7. HP: 25/50 MP: 0/10
  4576 | D:4      | Killed Dowan
  4576 | D:4      | Reached skill level 9 in Polearms
  4654 | D:4      | Killed Duvessa
  4790 | D:4      | Reached skill level 10 in Polearms
  4864 | D:4      | Noticed Ijyb
  4890 | D:4      | Killed Ijyb
  4911 | D:4      | Reached ** piety under Dithmenos
  5029 | D:4      | Killed Crazy Yiuf
  5127 | D:5      | Entered Level 5 of the Dungeon
  5215 | D:5      | Noticed Sigmund
  5232 | D:5      | Killed Sigmund
  5232 | D:5      | Reached skill level 11 in Polearms
  5232 | D:5      | Reached XP level 8. HP: 56/56 MP: 11/11
  5575 | D:5      | Found a deep blue altar of Sif Muna.
  5821 | D:6      | Reached skill level 12 in Polearms
  5841 | D:6      | Found Ocvoichy's Antique Armour Shop.
  5849 | D:6      | Found an opulent altar of Gozag.
  5959 | D:6      | Learned a level 3 spell: Spectral Weapon
  5995 | D:6      | Reached skill level 1 in Stealth
  6231 | D:7      | Found a staircase to the Ecumenical Temple.
  6419 | D:7      | Found an opulent altar of Gozag.
  6804 | D:7      | Reached XP level 9. HP: 19/65 MP: 1/13
  6932 | D:7      | Slain by a wyvern

Skill      XL: |  1  2  3  4  5  6  7  8 |
---------------+-------------------------+-----
Polearms       | 4 5 6 8 11 12 | 12.0
Charms         | 4 5 |  5.1
Throwing       | 1 2 |  2.6
Stealth        | 4 |  4.7
Spellcasting   | 3 |  3.2
Fighting       | 3 |  3.8
Armour         | |  0.6
Dodging        | |  2.6

Action                   |  1- 3 |  4- 6 |  7- 9 || total
-------------------------+-------+-------+-------++-------
Melee: Spear             |   177 |   363 |   378 ||   918
       Unarmed           |       |       |     7 ||     7
 Cast: Infusion          |     4 |    10 |     2 ||    16
       Shroud of Golubri |       |    14 |    13 ||    27
       Spectral Weapon   |       |       |     1 ||     1
Evoke: Wand              |       |       |     1 ||     1
  Use: Potion            |     2 |     2 |       ||     4
       Scroll            |       |       |     5 ||     5
 Stab: Sleeping          |       |       |     3 ||     3
  Eat: Chunk             |     1 |    12 |     7 ||    20
       Ration            |       |       |     1 ||     1
Armor: Leather armour    |    36 |    50 |       ||    86
       Troll leather arm |       |       |    48 ||    48
       Skin              |       |       |     2 ||     2
Dodge: Dodged            |    87 |   180 |   137 ||   404
